 Dungeon Crawl Stone Soup version 0.22-a0-40-g3d2f077 (webtiles) character file.

275 tidbits the Grave Robber (level 6, -1/44 HPs)
             Began as a Gnoll Necromancer on Jan 4, 2018.
             Splashed by a jelly's acid (5 damage)
             ... on level 6 of the Dungeon.
             The game lasted 00:09:38 (1063 turns).

tidbits the Grave Robber (Gnoll Necromancer)        Turns: 1063, Time: 00:09:39

Health: -1/44      AC:  2    Str: 10    XL:     6   Next: 25%
Magic:  9/13       EV: 14    Int: 20    God:
Gold:   230        SH:  4    Dex: 15    Spells: 7/15 levels left

rFire    . . .     SeeInvis .   n - +0 rapier
rCold    . . .     Gourm    .   D - +0 buckler
rNeg     . . .     Faith    .   a - +0 robe
rPois    .         Spirit   .   (no helmet)
rElec    .         Reflect  .   (no cloak)
rCorr    +         Harm     .   (no gloves)
MR       .....                  (no boots)
Stlth    +++.......             (no amulet)
HPRegen  0.14/turn              o - ring of resist corrosion
MPRegen  0.13/turn              y - +1 ring of slaying

@: no status effects
A: distributed training, fangs 1, strong nose
a: no special abilities


You were on level 6 of the Dungeon.
You were not hungry.

You visited 1 branch of the dungeon, and saw 6 of its levels.

You collected 230 gold pieces.

Inventory:

Hand Weapons
 g - a +0 club
 j - a +0 hand axe
 m - a +0 short sword
 n - a +0 rapier (weapon)
 p - a +3 morningstar
 u - a +0 dagger
Missiles
 f - 33 stones (quivered)
 v - 28 arrows
 w - 3 tomahawks
Armour
 a - a +0 robe (worn)
 D - a +0 buckler (worn)
Jewellery
 o - a ring of resist corrosion (left hand)
   (You found it on level 4 of the Dungeon)
 y - a +1 ring of slaying (right hand)
   (You found it on level 5 of the Dungeon)
Wands
 r - a wand of disintegration (6)
 t - a wand of scattershot (3)
 B - a wand of polymorph (12)
Scrolls
 i - 5 scrolls of identify
 l - 3 scrolls of fear
 q - 2 scrolls of remove curse {unknown}
 s - a scroll of enchant weapon {unknown}
Potions
 d - 2 potions of might
 e - 2 potions of invisibility
 h - a potion of lignification
 k - a potion of magic
 x - a potion of berserk rage {unknown}
 z - a potion of haste {unknown}
 A - a potion of curing {unknown}
Books
 b - a book of Necromancy

   Spells                             Type                      Level
   a - Pain                           Necromancy                   1
   b - Animate Skeleton               Necromancy                   1
   c - Vampiric Draining              Necromancy                   3
   d - Regeneration                   Charms/Necromancy            3
   e - Animate Dead                   Necromancy                   4
   f - Borgnjor's Vile Clutch         Necromancy/Earth             5
Comestibles
 c - 5 rations


   Skills:
 + Level 1.8 Fighting
 + Level 1.8 Short Blades
 + Level 1.8 Long Blades
 + Level 1.8 Axes
 + Level 1.8 Maces & Flails
 + Level 1.8 Polearms
 + Level 1.8 Staves
 + Level 1.8 Slings
 + Level 1.8 Bows
 + Level 1.8 Crossbows
 + Level 1.8 Throwing
 + Level 1.8 Armour
 + Level 4.9 Dodging
 + Level 4.5 Stealth
 + Level 1.8 Shields
 + Level 1.8 Unarmed Combat
 + Level 5.3 Spellcasting
 + Level 1.4 Conjurations
 + Level 1.4 Hexes
 + Level 1.4 Charms
 + Level 1.4 Summonings
 + Level 7.2 Necromancy
 + Level 1.4 Translocations
 + Level 1.4 Transmutations
 + Level 1.4 Fire Magic
 + Level 1.4 Ice Magic
 + Level 1.4 Air Magic
 + Level 1.4 Earth Magic
 + Level 1.4 Poison Magic
 + Level 2.0 Invocations
 + Level 1.8 Evocations


You had 7 spell levels left.
You knew the following spells:

 Your Spells              Type           Power        Failure   Level  Hunger
a - Pain                  Necr           ####         1%          1    None
d - Vampiric Draining     Necr           ####......   2%          3    ##.....
n - Animate Skeleton      Necr           N/A          1%          1    None
r - Regeneration          Chrm/Necr      ###.......   8%          3    ##.....


Dungeon Overview and Level Annotations

Branches:
Dungeon (6/15)
 Temple: D:4-7

Altars:
Dithmenos
Qazlal

Shops:
D:6 :


Innate Abilities, Weirdness & Mutations

Your experience applies equally to all skills.
You have very sharp teeth.
Your uncanny sense of smell can sniff out nearby items.


Message History

A - a cyan potion You see here 7 gold pieces.
You now have 230 gold pieces (gained 7).
Found a robe.
An adder comes into view.
Casting: Vampiric Draining
Confirm with . or Enter, or press ? or * to list all spells.
Aiming: Pain
Press: ? - help, Shift-Dir - straight line, f - adder
Aim: an adder (resting, chance to defeat MR: 89%)
The adder hisses angrily.
The adder writhes in agony!
Casting: Pain
Confirm with . or Enter, or press ? or * to list all spells.
Aiming: Pain
Press: ? - help, Shift-Dir - straight line, f/p - adder
Aim: an adder (severely wounded, chance to defeat MR: 89%)
The adder writhes in agony!
You kill the adder!
You see here an adder corpse.
Casting: Pain
Confirm with . or Enter, or press ? or * to list all spells.
You attempt to give life to the dead...
Before your eyes, flesh is ripped from the corpse!
The dead are slithering!
You see here 2 chunks of flesh.
Eat one of 2 chunks of flesh? (ye/n/q)
You eat one of the 2 chunks of flesh.
This raw flesh tastes terrible.
You swap places.
HP restored.
Found a twisted iron ring.
Found a stone staircase leading down.
You see here a twisted iron ring.
y - a twisted iron ring Put on which piece of jewellery? (? for menu, Esc to quit)
y - a +1 ring of slaying (right hand)
There is a stone staircase leading down here.
You climb downwards.
Your mindless thrall stays behind.
There is a stone staircase leading up here.
A centaur skeleton comes into view.
Found a gold wand.
The helpless centaur skeleton fails to defend itself.
You puncture the centaur skeleton!
The centaur skeleton is heavily damaged.
The centaur skeleton misses you. The centaur skeleton hits you!
You hit the centaur skeleton.
The centaur skeleton is severely damaged.
The centaur skeleton closely misses you.
You puncture the centaur skeleton!
The centaur skeleton is almost destroyed.
The centaur skeleton hits you. The centaur skeleton barely misses you.
You hit the centaur skeleton.
You destroy the centaur skeleton!
You see here a wand of polymorph (12).
B - a wand of polymorph (12)
Found Liequ's Book Shop.
Found a scale mail.
You found a teleport trap!
You enter the shallow water.
Moving in this stuff is going to be slow.
There is an entrance to Liequ's Book Shop here.
You can access your shopping list by pressing '$'.
You enter the shallow water.
Moving in this stuff is going to be slow.
Really walk into that teleport trap?
You enter a teleport trap!
The teleport trap disappears.
Your surroundings suddenly seem different.
A jelly, a gnoll and a centaur come into view.
Found a scroll labeled XAR DOISCHA.
Casting: Animate Skeleton
Confirm with . or Enter, or press ? or * to list all spells.
Aiming: Pain
Press: ? - help, Shift-Dir - straight line, f - jelly
Aim: a jelly (resting, chance to defeat MR: 89%)
The jelly writhes in agony!
The centaur wields a shortbow.
The centaur shoots an arrow.
The arrow hits you!
Casting: Pain
Confirm with . or Enter, or press ? or * to list all spells.
Aiming: Pain
Press: ? - help, Shift-Dir - straight line, f/p - jelly
Aim: a jelly (lightly wounded, chance to defeat MR: 89%)
The jelly writhes in agony!
Casting: Pain
Confirm with . or Enter, or press ? or * to list all spells.
Aiming: Pain
Press: ? - help, Shift-Dir - straight line, f/p - jelly
Aim: a jelly (heavily wounded, chance to defeat MR: 89%)
The jelly writhes in agony!
The centaur shoots an arrow.
The arrow hits you.
* * * LOW HITPOINT WARNING * * *
Casting: Pain
Confirm with . or Enter, or press ? or * to list all spells.
Aiming: Pain
Press: ? - help, Shift-Dir - straight line, f/p - jelly
Aim: a jelly (heavily wounded, chance to defeat MR: 89%)
The jelly writhes in agony!
The centaur shoots an arrow.
The arrow hits you!
* * * LOW HITPOINT WARNING * * *
The jelly hits you.
* * * LOW HITPOINT WARNING * * *
You are splashed with acid!
The acid burns!
You resist.
You die...

#g### .
####. ##.
.....##..
####..#.#
#.###...#
##?###..#
###.c..J#
.##....@#
..#....##
#.....#
##.#.# #
#. . #


You could see a centaur, a jelly and a gnoll (sleeping).

Vanquished Creatures
  3 orc wizards
  A hound (D:4)
  A centaur skeleton (D:6)
  2 orc priests
  2 adders
  A howler monkey skeleton (D:4)
  An ooze (D:2)
  A dart slug (D:2)
  11 orcs
  A giant cockroach (D:4)
  A goblin (D:1)
  A hobgoblin (D:1)
  2 jackals (D:5)
  A kobold (D:2)
  3 bats (D:2)
  A frilled lizard (D:2)
  A leopard gecko skeleton (D:4)
  4 rats (D:1)
38 creatures vanquished.

Notes
Turn   | Place    | Note
-------+----------+-------------------------------------------
     0 | D:1      | tidbits the Gnoll Necromancer began the quest for the Orb.
     0 | D:1      | Reached XP level 1. HP: 13/13 MP: 6/6
   193 | D:2      | Reached XP level 2. HP: 15/19 MP: 5/7
   196 | D:2      | Learned a level 1 spell: Animate Skeleton
   246 | D:3      | Found a shadowy altar of Dithmenos.
   390 | D:2      | Reached skill level 5 in Spellcasting
   390 | D:2      | Reached XP level 3. HP: 13/25 MP: 4/9
   457 | D:4      | Found a stormy altar of Qazlal.
   493 | D:4      | Reached skill level 1 in Invocations
   556 | D:4      | Reached skill level 1 in Fighting
   556 | D:4      | Reached skill level 1 in Short Blades
   556 | D:4      | Reached skill level 1 in Long Blades
   556 | D:4      | Reached skill level 1 in Axes
   556 | D:4      | Reached skill level 1 in Maces & Flails
   556 | D:4      | Reached skill level 1 in Polearms
   556 | D:4      | Reached skill level 1 in Staves
   556 | D:4      | Reached skill level 1 in Slings
   556 | D:4      | Reached skill level 1 in Bows
   556 | D:4      | Reached skill level 1 in Crossbows
   556 | D:4      | Reached skill level 1 in Throwing
   556 | D:4      | Reached skill level 1 in Armour
   556 | D:4      | Reached skill level 1 in Shields
   556 | D:4      | Reached skill level 1 in Unarmed Combat
   556 | D:4      | Reached skill level 1 in Evocations
   556 | D:4      | Reached XP level 4. HP: 5/32 MP: 6/11
   591 | D:4      | Learned a level 3 spell: Regeneration
   596 | D:4      | Learned a level 3 spell: Vampiric Draining
   777 | D:4      | Reached skill level 1 in Conjurations
   777 | D:4      | Reached skill level 1 in Hexes
   777 | D:4      | Reached skill level 1 in Charms
   777 | D:4      | Reached skill level 1 in Summonings
   777 | D:4      | Reached skill level 1 in Translocations
   777 | D:4      | Reached skill level 1 in Transmutations
   777 | D:4      | Reached skill level 1 in Fire Magic
   777 | D:4      | Reached skill level 1 in Ice Magic
   777 | D:4      | Reached skill level 1 in Air Magic
   777 | D:4      | Reached skill level 1 in Earth Magic
   777 | D:4      | Reached skill level 1 in Poison Magic
   778 | D:4      | Reached XP level 5. HP: 16/37 MP: 7/12
   801 | D:5      | Entered Level 5 of the Dungeon
   844 | D:5      | Reached XP level 6. HP: 19/44 MP: 9/13
   870 | D:5      | Reached skill level 2 in Invocations
  1048 | D:6      | Found Liequ's Book Shop.
  1063 | D:6      | HP: 4/44 [jelly (2)]
  1063 | D:6      | Splashed by a jelly's acid

Vault maps used:
D:1:      nzn_arrival_depleted_hourglass, minmay_split_cup_large
D:2:      grunt_decor_arrowhead
D:3:      lemuel_doored_altar, nicolae_dithmenos_shadow_blocks,
          kennysheep_okawaru_gauntlet
D:4:      kennysheep_mini_moat, hangedman_decor_points, nicolae_elemental_shop
D:5:      first_ration
D:6:      gammafunk_wand_slinger, serial_shops, nicolae_shop_waterfront,
          kb_rosetta

Skill      XL: |  1  2  3  4  5  6 |
---------------+-------------------+-----
Spellcasting   | 5 |  5.3
Invocations    | 1 2 |  2.0
Fighting       | 1 |  1.8
Short Blades   | 1 |  1.8
Long Blades    | 1 |  1.8
Axes           | 1 |  1.8
Maces & Flails | 1 |  1.8
Polearms       | 1 |  1.8
Staves         | 1 |  1.8
Slings         | 1 |  1.8
Bows           | 1 |  1.8
Crossbows      | 1 |  1.8
Throwing       | 1 |  1.8
Armour         | 1 |  1.8
Shields        | 1 |  1.8
Unarmed Combat | 1 |  1.8
Evocations     | 1 |  1.8
Conjurations   | 1 |  1.4
Hexes          | 1 |  1.4
Charms         | 1 |  1.4
Summonings     | 1 |  1.4
Translocations | 1 |  1.4
Transmutations | 1 |  1.4
Fire Magic     | 1 |  1.4
Ice Magic      | 1 |  1.4
Air Magic      | 1 |  1.4
Earth Magic    | 1 |  1.4
Poison Magic   | 1 |  1.4
Dodging        | |  4.9
Stealth        | |  4.5
Necromancy     | |  7.2

Action                   |  1- 3 |  4- 6 || total
-------------------------+-------+-------++-------
Melee: Rapier            |     6 |    28 ||    34
       Bite              |     1 |     1 ||     2
 Cast: Pain              |    29 |    20 ||    49
       Regeneration      |       |     4 ||     4
       Vampiric Draining |       |     2 ||     2
       Animate Skeleton  |       |     1 ||     1
Evoke: Wand              |       |     6 ||     6
  Use: Scroll            |       |     5 ||     5
 Stab: Sleeping          |       |     1 ||     1
  Eat: Chunk             |       |     1 ||     1
Armor: Robe              |     7 |     7 ||    14
Dodge: Dodged            |     8 |    22 ||    30

Table legend:
 A = Spawn XP
 B = Non-spawn XP
 C = Spawn XP percentage of total XP
 D = Spawn monster count
 E = Non-spawn monster count
 F = Spawn count percentage of total count
 G = Total turns spent on level
                    A         B        C        D         E        F      G
               +---------+---------+-------+---------+---------+-------+---------
         Total |       0 |     394 |   0.0 |       0 |      38 |   0.0 |  1063
               +---------+---------+-------+---------+---------+-------+---------
           D:1 |       0 |       8 |   0.0 |       0 |       6 |   0.0 |   158
           D:2 |       0 |      35 |   0.0 |       0 |       9 |   0.0 |   164
           D:3 |       0 |       6 |   0.0 |       0 |       2 |   0.0 |   162
           D:4 |       0 |     203 |   0.0 |       0 |      13 |   0.0 |   359
           D:5 |       0 |     101 |   0.0 |       0 |       7 |   0.0 |   185
           D:6 |       0 |      41 |   0.0 |       0 |       1 |   0.0 |    35
               +---------+---------+-------+---------+---------+-------+---------

Table legend:
 A = Turns spent in this place as a percentage of turns spent in the entire game.
 B = Non-inter-level travel turns spent in this place as a percentage of non-inter-level travel turns spent in the entire game.
 C = Inter-level travel turns spent in this place as a percentage of turns spent in this place.
 D = Turns resting spent in this place as a percentage of non-inter-level travel turns spent in this place.
 E = Turns spent auto-exploring this place as a percentage of non-inter-level travel turns spent in this place.
 F = Non-inter-level travel turns spent in this place divided by the number of levels of this place that you've seen.
                   A       B       C       D       E      F
               +-------+-------+-------+-------+-------+----------------------
         Total | 100.0 | 100.0 |   4.0 |   0.0 |   0.0 | 170.0
       Dungeon | 100.0 | 100.0 |   4.0 |   0.0 |   0.0 | 170.0
               +-------+-------+-------+-------+-------+----------------------

Table legend:
 A = Kills in this place as a percentage of kills in entire the game.
 B = Kills by you in this place as a percentage of kills by you in the entire game.
 C = Kills by friends in this place as a percentage of kills by friends in the entire game.
 D = Other kills in this place as a percentage of other kills in the entire game.
 E = Experience gained in this place as a percentage of experience gained in the entire game.
 F = Experience gained in this place divided by the number of levels of this place that you have seen.
                   A       B       C       D       E      F
               +-------+-------+-------+-------+-------+----------------------
         Total | 100.0 | 100.0 |   N/A |   N/A | 100.0 |  65.7
       Dungeon | 100.0 | 100.0 |   N/A |   N/A | 100.0 |  65.7
               +-------+-------+-------+-------+-------+----------------------

Vault maps used:
D:1:      nzn_arrival_depleted_hourglass, minmay_split_cup_large
D:2:      grunt_decor_arrowhead
D:3:      lemuel_doored_altar, nicolae_dithmenos_shadow_blocks,
          kennysheep_okawaru_gauntlet
D:4:      kennysheep_mini_moat, hangedman_decor_points, nicolae_elemental_shop
D:5:      first_ration
D:6:      gammafunk_wand_slinger, serial_shops, nicolae_shop_waterfront,
          kb_rosetta
